 Dungeon Crawl Stone Soup version 0.24.0-13-gcf9b319 (webtiles) character file.

Game seed: 3645808086546733917, levelgen mode: deterministic

5325 Bronimir the Tainter (level 10, 0/109 HPs)
             Began as a Formicid Venom Mage on Apr 13, 2020.
             Was an Elder of Kikubaaqudgha.
             Slain by Snorg (19 damage)
             ... on level 9 of the Dungeon.
             The game lasted 00:36:31 (14025 turns).

Bronimir the Tainter (Formicid Venom Mage)         Turns: 14025, Time: 00:36:33

Health: 0/109      AC: 25    Str: 17    XL:     10   Next: 96%
Magic:  1/18       EV:  2    Int: 20    God:    Kikubaaqudgha [****..]
Gold:   425        SH:  3    Dex: 11    Spells: 3/20 levels left

rFire    . . .     SeeInvis .   a - +4 halberd
rCold    + . .     Gourm    .   r - +0 buckler
rNeg     + + +     Faith    .   (armour currently unavailable)
rPois    +         Spirit   .   (helmet unavailable)
rElec    .         Reflect  .   (cloak currently unavailable)
rCorr    .         Harm     .   (gloves currently unavailable)
MR       +....                  (boots currently unavailable)
Stlth    +.........             (no amulet)
HPRegen  0.28/turn              e - ring of wizardry
MPRegen  0.16/turn              n - ring of Xuffieli {*Slow rC+ Str+2 Int+4}

@: tree-form, heavily drained
A: permanent stasis, dig shafts and tunnels, four strong arms
a: Receive Corpses, Renounce Religion


You were on level 9 of the Dungeon.
You worshipped Kikubaaqudgha.
Kikubaaqudgha was greatly pleased with you.
You were not hungry.
You were a tree.
You visited 1 branch of the dungeon, and saw 10 of its levels.
You also visited: Sewer.

You collected 562 gold pieces.
You spent 137 gold pieces at shops.

Inventory:

Hand Weapons
 a - a +4 halberd (weapon)
 b - a +0 hand crossbow
 A - a +2 vampiric trident
 D - a -2 spear of flaming
 L - the +6 quarterstaff of Imoafaco {freeze, rN+ Str+5}
   (You found it in a sewer)

   It has been specially enchanted to freeze those struck by it, causing extra
   injury to most foes and up to half again as much damage against particularly
   susceptible opponents.
   It can also slow down cold-blooded creatures.
   It affects your strength (+5).
   It protects you from negative energy.
 T - a +0 shortbow
Missiles
 d - 75 poisoned darts (quivered)
 i - 123 arrows
 l - 46 sling bullets
 p - 257 stones
 u - 173 bolts
Armour
 r - a +0 buckler (worn)
 t - a +0 pair of gloves (melded)
 y - a +0 pair of boots (melded)
 R - a scarf of repulsion (melded)
 S - a +2 leather armour of cold resistance (melded)
Magical Staves
 M - an uncursed staff of death
Jewellery
 e - a ring of wizardry (left branch)
 h - an uncursed ring of protection from cold
 j - an uncursed ring of protection from fire
 n - the ring of Xuffieli (right branch) {*Slow rC+ Str+2 Int+4}
   (You found it on level 4 of the Dungeon)

   [ring of protection from cold]

   It affects your strength (+2).
   It affects your intelligence (+4).
   It protects you from cold.
   It may slow you when you take damage.
 s - an uncursed ring of poison resistance
Wands
 w - a wand of acid (7)
 z - a wand of iceblast (8)
 O - a wand of flame (40)
 V - a wand of polymorph (16)
 Y - a wand of random effects (11)
Scrolls
 g - 2 scrolls of remove curse
 k - a scroll of enchant armour
 m - a scroll of immolation
 o - 4 scrolls of identify
 v - 3 scrolls of fear
 x - 2 scrolls of magic mapping
 P - a scroll of brand weapon {unknown}
 Q - a scroll of summoning
 Z - a scroll of enchant weapon
Potions
 f - a potion of ambrosia
 q - a potion of mutation {unknown}
 B - 3 potions of flight
 C - a potion of lignification
 F - 3 potions of might
 H - 2 potions of curing
 I - 2 potions of agility
 J - 2 potions of brilliance
 U - a potion of invisibility
Comestibles
 c - 11 rations


   Skills:
 * Level 4.9(2.7) Fighting
   Level 0.4(0.3) Maces & Flails
 * Level 6.5(4.7) Polearms
 + Level 3.6(3.4) Staves
 + Level 2.5(0.5) Crossbows
 * Level 5.6(3.4) Armour
 + Level 4.6(2.4) Dodging
 - Level 2.4(0.4) Stealth
 * Level 2.9(0.9) Shields
 + Level 5.6(3.5) Spellcasting
 - Level 1.0(0.0) Conjurations
 * Level 2.8(0.7) Summonings
 * Level 4.6(2.5) Necromancy
 * Level 8.1(5.8) Poison Magic


You had 3 spell levels left.
You knew the following spells:

 Your Spells              Type           Power        Failure   Level  Hunger
a - Sting                 Conj/Pois      ###.         2%          1    None
b - Poisonous Vapours     Pois/Air       ###...       3%          2    ##.....
c - Olgreb's Toxic Radia  Pois           ####....     7%          4    ####...
d - Animate Skeleton      Necr           N/A          2%          1    None
e - Mephitic Cloud        Conj/Pois/Air  ##......     11%         3    ###....
f - Vampiric Draining     Necr           ##........   8%          3    ###....
g - Call Canine Familiar  Summ           #.......     16%         3    ###....

Your spell library contained the following spells:

 Spells                   Type           Power        Failure   Level  Hunger
 Pain                     Necr           ##..         2%          1    None
 Sublimation of Blood     Necr           ##........   4%          2    ##.....
 Summon Small Mammal      Summ           #...         6%          1    None
 Apportation              Tloc           #.....       8%          1    None
 Confusing Touch          Hex            #.....       8%          1    None
 Corona                   Hex            #......      8%          1    None
 Call Imp                 Summ           #.......     9%          2    ##.....
 Slow                     Hex            #.......     12%         2    ##.....
 Summon Guardian Golem    Hex/Summ       #.......     19%         3    ###....
 Confuse                  Hex            #.......     22%         3    ###....
 Gell's Gravitas          Tloc           #.........   22%         3    ###....
 Inner Flame              Hex/Fire       #.......     22%         3    ###....
 Portal Projectile        Hex/Tloc       #.....       22%         3    ###....
 Animate Dead             Necr           N/A          26%         4    ####...
 Summon Ice Beast         Ice/Summ       #.......     50%         4    ####...
 Summon Lightning Spire   Summ/Air       #.......     50%         4    ####...
 Venom Bolt               Conj/Pois      ###.......   50%         5    ######.
 Agony                    Necr           ##......     54%         5    ######.
 Dispel Undead            Necr           ##......     54%         5    ######.
 Cause Fear               Hex            #.........   56%         4    ####...
 Leda's Liquefaction      Hex/Erth       #.........   56%         4    ####...
 Petrify                  Tmut/Erth      #.......     56%         4    ####...
 Borgnjor's Vile Clutch   Necr/Erth      #.........   73%         5    ######.
 Metabolic Englaciation   Hex/Ice        #.........   87%         5    ######.
 Yara's Violent Unravell  Hex/Tmut       #.........   87%         5    ######.
 Simulacrum               Ice/Necr       #.........   99%         6    #######


Dungeon Overview and Level Annotations

Branches:
Dungeon (10/15)            Temple (0/1) D:4            Lair (0/6) D:9
  Sewer (visited)
    Orc: D:9-12

Altars:
Ashenzari
Dithmenos
Elyvilon
Kikubaaqudgha
Qazlal
Sif Muna
Vehumet
Xom
The Shining One

Shops:
D:5 ?

Annotations:
D:9 Snorg


Innate Abilities, Weirdness & Mutations

You cannot be hasted, slowed, berserked, paralysed or teleported.
You can dig through walls and to a lower floor.
Your four strong arms can wield two-handed weapons with a shield.
((You have a pair of large antennae on your head. (SInv)))


Message History

Snorg goes berserk!
Casting: Sting (safe; 2% risk of failure)
Confirm with . or Enter, or press ? or * to list all spells.
You don't have enough magic to cast that spell.
Unknown command.
You puncture Snorg!
Snorg is moderately wounded.
You block Snorg's attack. Snorg claws you but does no damage. Snorg claws you.
Snorg bites you!
* * * LOW HITPOINT WARNING * * *
Snorg claws you but does no damage. x2
You puncture Snorg!
Snorg is moderately wounded.
Snorg bites you!
* * * LOW HITPOINT WARNING * * *
Snorg claws you but does no damage. Snorg claws you.
* * * LOW HITPOINT WARNING * * *
Snorg bites you!!
You die...
Kikubaaqudgha rasps: "You have failed me!
Welcome... death!"

...[..#....#.....................
......#.####............###......
......#.# #.........#...≈...#...
......+.# #........#..#...#..#..
......### #........#.##P.P##.##.
......# #........#...PPP...##.
......# ##.#######≈.PP>P..≈##.
####+## #.#### #...P.PP..##. #
#.# ##.##♣# #.##P.P##.##. # #.#
#..##T# ##..#...#..##. # #.#
##.###†###.#...≈...#.#. # #.#
#....[>.......###...... # ##.#
#...<...........†.....#
###..######)...........#..###...#
.....)).[[[..............## #####
#....######............### #
...### #............# #


You could see Snorg (berserk).

Vanquished Creatures
  Joseph (D:7)
  A spriggan (D:8)
  Sigmund (D:4)
  A hungry ghost (D:7)
  Grum (D:8)
  Edmund (D:4)
  Duvessa (D:5)
  A black bear (D:7)
  2 ice beasts
  3 orc warriors (D:6)
  2 sky beasts
  3 ogres
  2 wolves (D:8)
  4 centaurs
  4 big kobolds
  3 bullfrogs
  Dowan (D:5)
  A water moccasin zombie (D:9)
  A scorpion (D:7)
  3 killer bees (D:9)
  13 wights
  A howler monkey (D:9)
  2 crimson imps
  3 centaur zombies
  5 hounds
  3 jellies
  7 orc wizards
  Crazy Yiuf (D:6)
  2 bullfrog skeletons (D:6)
  4 orc priests
  2 iguanas
  7 worker ants
  A hound zombie (D:7)
  2 hound skeletons (D:5)
  2 worker ant zombies
  7 gnolls
  11 adders
  3 shadow imps
  2 oozes (Sewer)
  3 worms (D:2)
  3 dart slugs
  9 leopard geckos
  25 orcs
  4 ball pythons
  6 giant cockroaches
  7 goblins
  6 hobgoblins
  3 jackals
  37 kobolds
  5 quokkas
  12 bats
  6 frilled lizards
  A jackal zombie (D:7)
  2 leopard gecko skeletons (D:4)
  A quokka skeleton (D:7)
  A quokka zombie (D:7)
  10 rats
256 creatures vanquished.

Notes
Turn   | Place    | Note
-------+----------+-------------------------------------------
     0 | D:1      | Bronimir the Formicid Venom Mage began the quest for the
                  | Orb.
     0 | D:1      | Reached XP level 1. HP: 13/13 MP: 3/3
   164 | D:1      | Reached XP level 2. HP: 16/19 MP: 1/5
   541 | D:1      | Learned a level 2 spell: Poisonous Vapours
   587 | D:1      | Reached XP level 3. HP: 9/25 MP: 1/6
  1270 | D:3      | Found a shadowy altar of Dithmenos.
  1270 | D:3      | Found a stormy altar of Qazlal.
  1788 | D:2      | Reached XP level 4. HP: 9/31 MP: 3/8
  1793 | D:2      | Reached skill level 1 in Armour
  2271 | D:2      | Reached skill level 1 in Conjurations
  2622 | D:2      | Learned a level 4 spell: Olgreb's Toxic Radiance
  2624 | D:2      | Learned a level 1 spell: Animate Skeleton
  2674 | D:2      | Reached skill level 5 in Poison Magic
  2943 | D:2      | Reached XP level 5. HP: 36/36 MP: 4/9
  4266 | D:3      | Found a glowing golden altar of the Shining One.
  4287 | D:3      | Reached skill level 1 in Polearms
  4652 | D:3      | Found a faded altar of an unknown god.
  4663 | D:3      | Reached XP level 6. HP: 37/42 MP: 10/10
  4773 | D:3      | Found a radiant altar of Vehumet.
  4779 | D:3      | Reached skill level 1 in Fighting
  4786 | D:3      | Found an ancient bone altar of Kikubaaqudgha.
  5049 | D:3      | Became a worshipper of Kikubaaqudgha
  5109 | D:4      | Reached skill level 1 in Necromancy
  5521 | D:4      | Learned a level 3 spell: Mephitic Cloud
  5573 | D:4      | Found a staircase to the Ecumenical Temple.
  5715 | D:4      | Found a white marble altar of Elyvilon.
  5731 | D:4      | Noticed Edmund
  5891 | D:4      | Killed Edmund
  5891 | D:4      | Reached XP level 7. HP: 14/48 MP: 1/12
  6239 | D:4      | Got a glittering steel ring
  6319 | D:4      | Noticed Sigmund
  6344 | D:4      | Killed Sigmund
  6568 | D:4      | Reached XP level 8. HP: 50/55 MP: 9/13
  6593 | D:5      | Entered Level 5 of the Dungeon
  6650 | D:5      | Found a glowing drain.
  6872 | Sewer    | Entered a sewer
  7036 | Sewer    | Reached * piety under Kikubaaqudgha
  7036 | Sewer    | Identified Kikubaaqudgha's Handbook of Dark Rites
                  | (Kikubaaqudgha gifted it to you in a sewer)
  7036 | Sewer    | Received a gift from Kikubaaqudgha
  7176 | Sewer    | Learned a level 3 spell: Vampiric Draining
  7441 | Sewer    | Got a fine quarterstaff
  7442 | Sewer    | Identified the +6 quarterstaff of Imoafaco {freeze, rN+
                  | Str+5} (You found it in a sewer)
  7488 | D:5      | Noticed Duvessa
  7491 | D:5      | Noticed Dowan
  7513 | D:5      | Killed Duvessa
  7524 | D:5      | Killed Dowan
  7524 | D:5      | Reached skill level 6 in Poison Magic
  8010 | D:5      | Found Enwini's Magic Scroll Emporium.
  8025 | D:5      | Bought a scroll of noise for 11 gold pieces
  8025 | D:5      | Bought a scroll of identify for 22 gold pieces
  8025 | D:5      | Bought a scroll of summoning for 104 gold pieces
  8091 | D:5      | Found a shattered altar of Ashenzari.
  8146 | D:5      | Reached skill level 1 in Staves
  8322 | D:5      | Found a shimmering blue altar of Sif Muna.
  8771 | D:6      | Reached ** piety under Kikubaaqudgha
  8802 | D:6      | Reached skill level 1 in Crossbows
  8802 | D:6      | Reached XP level 9. HP: 15/62 MP: 6/15
  8982 | D:6      | Found a runed translucent door.
  8983 | D:6      | Noticed Crazy Yiuf
  8992 | D:6      | Killed Crazy Yiuf
  9394 | D:6      | Reached skill level 5 in Spellcasting
  9673 | D:6      | Learned a level 3 spell: Call Canine Familiar
  9924 | D:7      | Noticed Joseph
  9949 | D:7      | Reached skill level 7 in Poison Magic
  9969 | D:7      | Killed Joseph
  9969 | D:7      | Reached skill level 5 in Polearms
  9969 | D:7      | Reached skill level 5 in Armour
  9969 | D:7      | Reached skill level 1 in Summonings
  9969 | D:7      | Reached XP level 10. HP: 28/70 MP: 8/17
 10725 | D:7      | Identified the ring of Xuffieli {*Slow rC+ Str+2 Int+4}
                  | (You found it on level 4 of the Dungeon)
 10809 | D:7      | Reached skill level 1 in Shields
 11205 | D:7      | Found a shimmering altar of Xom.
 11589 | D:8      | Noticed Grum
 11596 | D:8      | Reached *** piety under Kikubaaqudgha
 11596 | D:8      | Identified Kikubaaqudgha's Almanac of Dark Arts
                  | (Kikubaaqudgha gifted it to you on level 8 of the Dungeon)
 11596 | D:8      | Received a gift from Kikubaaqudgha
 11597 | D:8      | Killed Grum
 12890 | D:9      | Reached skill level 8 in Poison Magic
 12892 | D:9      | Found a staircase to the Lair.
 13678 | D:10     | Entered Level 10 of the Dungeon
 13678 | D:10     | Noticed Snorg
 13679 | D:10     | Reached **** piety under Kikubaaqudgha
 14025 | D:9      | Slain by Snorg

Levels and vault maps discovered:
D:1:      nzn_arrival_depleted_hourglass, layout_basic, st_stairs_6,
          patterned_corridor
D:2:      layout_loops_ring, first_ration, minmay_joined_circles, uniq_robin
D:3:      layout_basic, lemuel_crystal_altar, kiku_gazebo_pond_becter,
          lemuel_crystal_altar, chequers_temple_overflow_statue_of_worship,
          chequers_ecumenical_altar_simple_redux, minmay_misc_feat_rugged,
          grunt_ministairs_14
D:4:      layout_loops_ring, overflow_temple_1_default,
          minmay_temple_entry_fiery, uniq_edmund, uniq_sigmund
D:5:      layout_loops_ring, overflow_temple_1_default, serial_shops,
          shop_coins, portal_sewer_entry_f, cheibrodos_ashenzari_chains,
          uniq_duvessa
D:6:      layout_basic, uniq_crazy_yiuf_cottage
D:7:      layout_loops_cross, kennysheep_little_box, uniq_joseph
D:8:      layout_gridville, the_bakery, uniq_grum
D:9:      layout_roguey, dpeg_oklobed_lair, grunt_ministairs_1, minivault_19,
          grunt_tough_drop
D:10:     layout_roguey, gammafunk_ghost_necromancy, nicolae_ru_awakened_eye,
          uniq_snorg

Skill      XL: |  1  2  3  4  5  6  7  8  9 10 |
---------------+-------------------------------+-----
Dodging        | 2 3 4 |  4.6
Armour         | 1 2 3 5 |  5.6
Spellcasting   | 3 4 5 |  5.6
Conjurations   | 1 |  1.0
Poison Magic   | 5 6 7 8 |  8.1
Polearms       | 1 2 3 4 5 6 |  6.5
Fighting       | 1 2 3 4 |  4.9
Necromancy     | 1 2 3 4 |  4.6
Staves         | 2 3 |  3.6
Crossbows      | 1 2 |  2.5
Summonings     | 1 2 |  2.8
Shields        | 2 |  2.9
Maces & Flails | |  0.4
Stealth        | |  2.4

Action                   |  1- 3 |  4- 6 |  7- 9 | 10-12 || total
-------------------------+-------+-------+-------+-------++-------
Melee: Unarmed           |    25 |       |       |       ||    25
       Whip              |    62 |    33 |       |       ||    95
       Halberd           |       |   211 |   224 |   218 ||   653
       Quarterstaff      |       |       |    91 |       ||    91
 Fire: Hand crossbow     |       |       |    36 |    29 ||    65
 Cast: Sting             |    12 |    11 |    10 |    11 ||    44
       Poisonous Vapours |     9 |    38 |    22 |     8 ||    77
       Mephitic Cloud    |       |     1 |     8 |     5 ||    14
       Olgreb's Toxic Ra |       |     1 |     7 |    15 ||    23
       Vampiric Draining |       |       |       |     4 ||     4
 Abil: Dig               |       |       |     1 |     1 ||     2
  Use: Scroll            |       |     4 |       |    17 ||    21
       Potion            |       |       |     3 |     4 ||     7
 Stab: Sleeping          |     2 |     2 |     5 |     1 ||    10
       Confused          |       |     1 |     2 |     1 ||     4
  Eat: Chunk             |     2 |    17 |    11 |    10 ||    40
       Ration            |       |       |     3 |     2 ||     5
Armor: Robe              |    31 |    61 |       |       ||    92
       Leather armour    |       |    50 |   112 |    58 ||   220
       Skin              |       |       |     3 |    21 ||    24
       Ring mail         |       |       |    69 |       ||    69
Dodge: Dodged            |   100 |   222 |   322 |   162 ||   806
       Deflected         |       |       |     1 |     8 ||     9
Block: Buckler           |       |       |       |    44 ||    44
